 Dungeon Crawl Stone Soup version 0.28.0 (webtiles) character file.

Game seed: 16331602557687243963

307 Jepp2078 the Caller (level 6, -1/26 HPs)
             Began as a Felid Summoner on Feb 15, 2022.
             Was a Plaything of Xom.
             Killed by nerve-wracking pain
             ... invoked by an orc priest
              (6 damage)
             ... on level 4 of the Dungeon.
             The game lasted 00:21:34 (4599 turns).

Jepp2078 the Caller (Felid Summoner)                Turns: 4599, Time: 00:21:34

Health: -1/26      AC:  4    Str:  8    XL:     6   Next: 16%
Magic:  12/14      EV: 18    Int: 18    God:    Xom [..*...]
Gold:   289        SH:  0    Dex: 17    Spells: 6/12 levels left
                                        Lives:  0   Deaths: 1

rFire   . . .      SeeInvis +   (weapon unavailable)
rCold   . . .      Faith    .   (shield unavailable)
rNeg    . . .      Spirit   .   (armour unavailable)
rPois   .          Reflect  .   (helmet unavailable)
rElec   .          Harm     .   (cloak unavailable)
rCorr   .          Rampage  .   (gloves unavailable)
Will    .....      Clarity  +   (boots unavailable)
Stlth   ++........              b - amulet of regeneration
HPRegen 0.88/turn               (no ring)
MPRegen 0.14/turn               (no ring)

@: quick
A: very small, claws 1, fangs 3, see invisible, speed 1, shaggy fur 2, stealthy
paws, no weapons or thrown items, no armour, multi-lived, iridescent scales 1,
clarity, high MP 1, robust 1, strong 2, MP-powered wands
a: Renounce Religion


You were on level 4 of the Dungeon.
You worshipped Xom.
You were a toy of Xom.
You visited 1 branch of the dungeon, and saw 4 of its levels.

You collected 289 gold pieces.

Inventory:

Jewellery
 b - an amulet of regeneration (around neck)
 n - an amulet of magic regeneration
Wands
 i - a wand of mindburst (29)
 j - a wand of flame (5)
Scrolls
 a - 2 scrolls of identify {unknown}
 c - a scroll of blinking {unknown}
 d - a scroll of noise {unknown}
 h - a scroll of immolation {unknown}
 l - a scroll of enchant weapon {unknown}
Potions
 e - a potion of might
 f - 2 potions of flight {unknown}
 g - a potion of curing {unknown}
 k - a potion of degeneration {unknown}
 m - a potion of attraction {unknown}


   Skills:
 - Level 3.2 Dodging
 - Level 3.3 Stealth
 + Level 3.9 Spellcasting
 + Level 2.9 Hexes
 - Level 6.0 Summonings


You had 6 spell levels left.
You knew the following spells:

 Your Spells              Type           Power      Damage    Failure   Level
a - Summon Small Mammal   Summ           100%       N/A       1%          1
b - Call Imp              Summ           25%        N/A       1%          2
c - Summon Guardian Gole  Hex/Summ       19%        N/A       7%          3

Your spell library contained the following spells:

 Spells                   Type           Power      Damage    Failure   Level
 Call Canine Familiar     Summ           25%        N/A       3%          3
 Pain                     Necr           12%        1d4       16%         1
 Sting                    Tmut/Pois      12%        1d3       16%         1
 Poisonous Vapours        Pois/Air       6%         N/A       22%         2
 Sublimation of Blood     Necr           3%         N/A       22%         2
 Wereblood                Tmut           3%         N/A       22%         2
 Summon Lightning Spire   Summ/Air       14%        N/A       38%         4
 Gell's Gravitas          Tloc           3%         N/A       41%         3
 Lesser Beckoning         Tloc           3%         N/A       41%         3
 Teleport Other           Tloc           3%         N/A       41%         3
 Olgreb's Toxic Radiance  Pois           3%         N/A       83%         4
 Agony                    Necr           3%         N/A       99%         5
 Summon Hydra             Summ           12%        N/A       100%        7
 Excruciating Wounds      Necr           Unusable   N/A       N/A         5

Dungeon Overview and Level Annotations

Branches:
Dungeon (4/15)
 Temple: D:4-7

Altars:
Makhleb
Ru
Xom

Shops:
D:2 !

Annotations:
D:3 exclusion: downstairs


Innate Abilities, Weirdness & Mutations

You have sharp claws.
You have razor-sharp teeth.
You have supernaturally acute eyesight. (SInv)
You cover ground quickly. (Speed+)
You are covered in thick fur. (AC +2)
Your paws help you pounce on unaware monsters.
You are incapable of wielding weapons or throwing items.
You cannot wear armour.
You gain extra lives every three experience levels.
You are partially covered in iridescent scales. (AC +2)
You possess an exceptional clarity of mind.
You have an increased reservoir of magic. (+10% MP)
You are robust. (+10% HP)
Your muscles are very strong. (Str +4)
You expend magic power (3 MP) to strengthen your wands.


Message History

Placed new exclusion.
Reduced exclusion size to a single square.
Done exploring.
(D) Dungeon
Where to? (Enter - D:4, ? - help)
Your white imp disappears in a puff of smoke!
There is a stone staircase leading down here.
You climb downwards.
Found a scroll labelled INWYMAD CIACS.
There is a stone staircase leading up here.
An orc priest is nearby!
Casting: Call Imp (safe; 1% risk of failure)
Confirm with . or Enter, or press ? or * to list all spells.
The spell is quite dangerous to miscast (7% risk of failure)!
Continue anyway?
A guardian golem appears, shielding your allies.
What are your orders? t - Meow!
Orders for allies: a - Attack new target. r - Retreat! s - Stop attacking. g - Guard the area. f - Follow me.
Anything else - Cancel.
Gang up on whom?
Press: ? - help, Dir - move target, f - orc priest
Aim: an orc priest, wielding a +0 hand axe and wearing a +0 leather armour Attack!
The orc priest looks braver for a moment.
The orc priest closely misses you.
The orc priest hits your guardian golem with a +0 hand axe.
The orc priest hits you with a +0 hand axe.
The orc priest hits your guardian golem but does no damage.
The orc priest mumbles some strange prayers to Beogh against you.
Pain shoots through your body!
The orc priest mumbles some strange prayers to Beogh against you.
Beogh smites you!
The orc priest calls down the wrath of Beogh upon you.
Beogh smites you!
* * * LOW HITPOINT WARNING * * *
The orc priest invokes the aid of Beogh against you.
Pain shoots through your body!
You die...

### ###.### #.....##
#.....# #.@#..### ..
##.#....# . ..
#.9o...##
###...##......#....###
.#.......#.......?..#
.#.......#..........#
.............#.##..##
.............#. #...
##...........#.#...##


You could see an orc priest and a friendly guardian golem (summoned).

Vanquished Creatures
  An orc priest (D:4)
  An orc wizard (D:3)
  An orc (D:3)
  A ball python (D:2)
  A hobgoblin (D:1)
  2 jackals
  2 kobolds (D:2)
  4 frilled lizards
  A goblin (D:1)
  2 rats (D:3)
16 creatures vanquished.

Vanquished Creatures (collateral kills)
  Blork the orc (D:4)
  Crazy Yiuf (D:3)
  Natasha (twice) (D:2)
  4 gnolls (D:3)
  5 adders
  A worm (D:2)
  A dart slug (D:2)
  3 orcs
  3 bats
  4 endoplasms
  5 giant cockroaches
  3 goblins
  7 hobgoblins
  4 jackals
  A quokka (D:3)
  9 ball pythons
  2 frilled lizards (D:3)
  3 kobolds
  A quokka skeleton (D:4)
  A rat (D:1)
61 creatures vanquished.

Grand Total: 77 creatures vanquished

Notes
Turn   | Place    | Note
-------+----------+-------------------------------------------
     0 | D:1      | Jepp2078 the Felid Summoner began the quest for the Orb.
     0 | D:1      | Reached XP level 1. HP: 7/7 MP: 4/4
   382 | D:1      | Reached XP level 2. HP: 11/11 MP: 6/6
   580 | D:1      | Found a faded altar of an unknown god.
   641 | D:1      | Prayed at the altar of an unknown god.
   641 | D:1      | Became a worshipper of Xom of Enforced Whimsey
  1271 | D:2      | Learned a level 2 spell: Call Imp
  1459 | D:2      | Found Sawuyl's Distillery.
  1518 | D:2      | Reached XP level 3. HP: 10/14 MP: 3/7
  1789 | D:2      | Noticed Natasha
  1792 | D:2      | XOM: confuse monster(s)
  1808 | D:2      | Killed Natasha
  2099 | D:2      | XOM: cast spell 'Leda's Liquefaction'
  2125 | D:2      | Reached XP level 4. HP: 9/18 MP: 5/9
  2313 | D:2      | Noticed Natasha
  2344 | D:2      | Killed Natasha
  2609 | D:3      | XOM: give mutations
  2609 | D:3      | Gained mutation: You possess an exceptional clarity of
                  | mind. [Xom's grace]
  2609 | D:3      | Gained mutation: Your muscles are strong. (Str +2) [Xom's
                  | grace]
  2609 | D:3      | Gained mutation: You have an increased reservoir of magic.
                  | (+10% MP) [Xom's grace]
  2609 | D:3      | Gained mutation: You are partially covered in iridescent
                  | scales. (AC +2) [Xom's grace]
  2648 | D:3      | Slain by an adder
  2649 | D:3      | Reached XP level 3. HP: 0/14 MP: 8/9
  2649 | D:3      | Found a sacrificial altar of Ru.
  2649 | D:3      | Found a burning altar of Makhleb.
  2667 | D:3      | Reached skill level 5 in Summonings
  2737 | D:3      | Reached XP level 4. HP: 18/18 MP: 6/10
  3153 | D:3      | XOM: 2-stop teleportation journey
  3330 | D:3      | Reached XP level 5. HP: 21/21 MP: 12/12
  3565 | D:3      | XOM: give mutations
  3565 | D:3      | Gained mutation: Your muscles are very strong. (Str +4)
                  | [Xom's grace]
  3565 | D:3      | Gained mutation: You expend magic power (3 MP) to
                  | strengthen your wands. [Xom's grace]
  3565 | D:3      | Gained mutation: You are robust. (+10% HP) [Xom's grace]
  3598 | D:3      | Found a runed translucent door.
  3599 | D:3      | Noticed Crazy Yiuf
  3779 | D:3      | Killed Crazy Yiuf
  4013 | D:4      | Noticed Blork the orc
  4040 | D:4      | Killed Blork the orc
  4041 | D:4      | Reached skill level 1 in Hexes
  4325 | D:4      | Gained mutation: You are covered in thick fur. (AC +2)
                  | [Felid growth]
  4325 | D:4      | Reached XP level 6. HP: 20/26 MP: 14/14
  4431 | D:4      | Learned a level 3 spell: Summon Guardian Golem
  4555 | D:3      | Reached skill level 6 in Summonings
  4599 | D:4      | Killed from afar by an orc priest

Illustrated notes

Levels and vault maps discovered:
D:1:      minmay_arrival_glassed_features, layout_rooms,
          shapermc_ecumenical_altar_notcrosses
D:2:      layout_loops_corners, serial_shops, shop, uniq_natasha
D:3:      layout_basic, gammafunk_temple_overflow_wave,
          minmay_fractal_squares_diagonal_5, uniq_crazy_yiuf_cottage
D:4:      layout_cave_pools, uniq_blork_the_orc

Skill      XL: |  1  2  3  4  5  6 |
---------------+-------------------+-----
Dodging        | 3 |  3.2
Stealth        | 3 |  3.3
Spellcasting   | 3 |  3.9
Summonings     | 5 6 |  6.0
Hexes          | 2 |  2.9

Action                   |  1- 3 |  4- 6 || total
-------------------------+-------+-------++-------
Melee: Unarmed           |     9 |    40 ||    49
       Bite              |       |     4 ||     4
 Cast: Summon Small Mamm |    59 |    26 ||    85
       Call Imp          |    10 |    36 ||    46
       Summon Guardian G |       |     3 ||     3
  Use: Potion            |       |     1 ||     1
 Stab: Sleeping          |     7 |     7 ||    14
Armor: Skin              |     2 |     6 ||     8
Dodge: Dodged            |    20 |    73 ||    93
